 Dungeon Crawl Stone Soup version 0.31.0-1-g2c135a0 (webtiles) character file.

Game seed: 17960282264894803352

897 jagoly the Chopper (level 8, -4/51 HPs)
             Began as a Gargoyle Monk on Feb 2, 2024.
             Was a Believer of the Shining One.
             Killed by divine providence
             ... invoked by Jeremiah
              (15 damage)
             ... on level 6 of the Dungeon.
             The game lasted 00:11:09 (1777 turns).

jagoly the Chopper (Gargoyle Monk)                  Turns: 1777, Time: 00:11:09

Health: -4/51      AC: 15    Str: 16    XL:     8   Next: 7%
Magic:  8/8        EV: 11    Int: 12    God:    the Shining One [**....]
Gold:   294        SH:  0    Dex: 12    Spells: 7/7 levels left

rFire   + + .        a - +0 war axe
rCold   + . .        d - orb {light}
rNeg    + + .        v - +2 ring mail {rF+}
rPois   ∞            (no helmet)
rElec   +            (no cloak)
rCorr   .            (no gloves)
SInv    .            u - +1 pair of boots
Will    .....        (no amulet) Stlth
                     e - ring of protection from cold
HPRegen 0.28/turn    A - ring of protection from fire
MPRegen 0.11/turn

%: no passive effects
@: confused, ambrosia-drunk, glowing
A: sickness immunity, AC +5, negative energy resistance 1, electricity
resistance, torment resistance 1, petrification resistance
a: Renounce Religion, Divine Shield


You were on level 6 of the Dungeon.
You worshipped the Shining One.
The Shining One was pleased with you.
You visited 1 branch of the dungeon, and saw 6 of its levels.

You collected 294 gold pieces.

Inventory:

Hand Weapons
 a - a +0 war axe (weapon)
Missiles
 g - 6 stones (quivered)
 m - 5 poisoned darts
 p - 10 boomerangs
 D - 6 javelins
Armour
 b - a +0 robe
 d - an orb of light (worn)
 u - a +1 pair of boots (worn)
 v - a +2 ring mail of fire resistance (worn)
 C - a +0 plate armour
Jewellery
 e - a ring of protection from cold (left hand)
 n - a ring of flight
 A - a ring of protection from fire (right hand)
Wands
 t - a wand of flame (18)
Scrolls
 f - a scroll of teleportation {unknown}
 j - 5 scrolls of identify {unknown}
 k - 2 scrolls of amnesia {unknown}
 l - a scroll of noise {unknown}
 o - a scroll of fear {unknown}
 r - 2 scrolls of vulnerability {unknown}
 w - a scroll of enchant weapon {unknown}
 y - a scroll of poison {unknown}
 B - a scroll of silence {unknown}
Potions
 h - 3 potions of mutation {unknown}
 i - 2 potions of heal wounds {unknown}
 q - 3 potions of curing {unknown}
 s - a potion of brilliance {unknown}
 x - a potion of magic {unknown}
 z - a potion of lignification {unknown}


   Skills:
 + Level 5.7 Fighting
 * Level 6.2 Axes
 + Level 4.4 Armour
 - Level 3.0 Dodging


You had 7 spell levels left.
You didn't know any spells.
Your spell library contained the following spells:

 Spells                   Type           Power      Damage    Failure   Level
 Freeze                   Ice            0%         1d3       52%         1
 Kiss of Death            Conj/Necr      0%         2d5       52%         1
 Summon Small Mammal      Summ           0%         N/A       52%         1
 Call Canine Familiar     Summ           0%         N/A       87%         3
 Frozen Ramparts          Ice            0%         1d1       87%         3
 Hailstorm                Conj/Ice       0%         3d5       87%         3
 Summon Blazeheart Golem  Fire/Summ      0%         N/A       99%         4


Dungeon Overview and Level Annotations

Branches:
Dungeon (6/15) Zot: 26826
 Temple: D:4-7

Altars:
Ashenzari
Cheibriados
Makhleb
Uskayaw
Vehumet
Xom
The Shining One

Annotations:
D:4 Pandrake's ghost, amateur DgCj
D:6 Jeremiah


Innate Abilities, Weirdness & Mutations

You are immune to sickness and miasma.
Your stone body is resilient. (AC +5)
You are immune to poison.
You resist negative energy. (rN+)
You are resistant to electric shocks. (rElec)
You are resistant to unholy torment.
You are immune to petrification.


Message History

The black bear is moderately wounded.
The black bear bites you but does no damage.
The black bear claws you but does no damage. x2
Throw: 3 darts (poison)
Press: ? - help, Shift-Dir - straight line, f/p - black bear
Aim: a black bear (moderately wounded, very poisoned, haloed, 85% to hit)
You throw a poisoned dart.
The poisoned dart barely misses the black bear.
The black bear bites you but does no damage.
The black bear closely misses you.
The black bear claws you but does no damage.
Throw: 2 darts (poison)
Press: ? - help, Shift-Dir - straight line, f/p - black bear
Aim: a black bear (moderately wounded, very poisoned, haloed, 85% to hit)
You throw a poisoned dart. The poisoned dart hits the black bear.
The black bear looks even sicker.
The black bear is moderately wounded.
The black bear closely misses you.
The black bear claws you but does no damage.
The black bear claws you.
* * * LOW HITPOINT WARNING * * *
Throw: dart (poison)
Press: ? - help, Shift-Dir - straight line, f/p - black bear
Aim: a black bear (moderately wounded, very poisoned, haloed, 85% to hit)
You throw a poisoned dart. The poisoned dart hits the black bear.
The black bear is moderately wounded.
The black bear bites you but does no damage.
The black bear claws you but does no damage.
The black bear barely misses you.
Cleave: a) +0 war axe
Press: ? - help, Dir - move target, f/p - black bear
Aim: a black bear (moderately wounded, very poisoned, haloed, about 14% to evade your +0 war axe)
You slash the black bear!
The black bear is severely wounded.
The black bear goes berserk!
Cleave: a) +0 war axe
Press: ? - help, Dir - move target, f/p - black bear
Aim: a black bear (severely wounded, berserk, very poisoned, haloed, about 14% to evade your +0 war axe)
You barely miss the black bear.
The black bear is severely wounded.
The black bear bites you.
* * * LOW HITPOINT WARNING * * *
The black bear claws you but does no damage.
The black bear closely misses you.
The black bear bites you but does no damage.
The black bear misses you. The black bear completely misses you.
Cleave: a) +0 war axe
Press: ? - help, Dir - move target, f/p - black bear
Aim: a black bear (almost dead, berserk, very poisoned, haloed, about 14% to evade your +0 war axe)
You hit the black bear.
The black bear is almost dead.
The black bear bites you.
* * * LOW HITPOINT WARNING * * *
The black bear closely misses you.
The black bear claws you but does no damage.
The black bear bites you but does no damage.
The black bear claws you but does no damage. x2
Cleave: a) +0 war axe
Press: ? - help, Dir - move target, f/p - black bear
Aim: a black bear (almost dead, berserk, very poisoned, haloed, about 14% to evade your +0 war axe)
You barely miss the black bear.
The black bear is almost dead.
The black bear bites you.
* * * LOW HITPOINT WARNING * * *
The black bear claws you but does no damage. x2
The black bear bites you.
* * * LOW HITPOINT WARNING * * *
The black bear barely misses you. The black bear claws you.
* * * LOW HITPOINT WARNING * * *
Cleave: a) +0 war axe
Press: ? - help, Dir - move target, f/p - black bear
Aim: a black bear (almost dead, berserk, very poisoned, haloed, about 14% to evade your +0 war axe)
You slash the black bear!
You kill the black bear!
Your Armour skill increases to level 3!
m - 5 poisoned darts You see here a black bear corpse.
There is a stone staircase leading down here.
You see here a +0 hand axe.
There is an open door here.
Found 15 gold pieces.
You now have 163 gold pieces (gained 15).
y - a scroll labelled SEUWNA ZAHEN A scorpion comes into view.
A scorpion is nearby!
The scorpion barely misses you.
You slash the scorpion!
The scorpion is heavily wounded.
The scorpion stings you but does no damage. x2
You hit the scorpion but do no damage.
The scorpion is heavily wounded.
The scorpion stings you but does no damage.
You hit the scorpion but do no damage.
The scorpion is heavily wounded.
The scorpion stings you but does no damage.
The scorpion stings you.
* * * LOW HITPOINT WARNING * * *
You barely miss the scorpion.
The scorpion is heavily wounded.
The scorpion stings you but does no damage.
You hit the scorpion but do no damage.
The scorpion is heavily wounded.
The scorpion barely misses you.
The scorpion stings you but does no damage.
You barely miss the scorpion.
The scorpion is heavily wounded.
The scorpion closely misses you.
You hit the scorpion.
The scorpion is severely wounded.
The scorpion stings you.
* * * LOW HITPOINT WARNING * * *
The scorpion stings you.
* * * LOW HITPOINT WARNING * * *
You hit the scorpion but do no damage.
The scorpion is severely wounded.
The scorpion barely misses you.
You barely miss the scorpion.
The scorpion is severely wounded.
The scorpion stings you but does no damage.
The scorpion closely misses you.
You barely miss the scorpion.
The scorpion is severely wounded.
The scorpion stings you but does no damage.
You hit the scorpion.
The scorpion is almost dead.
The scorpion stings you but does no damage.
You hit the scorpion.
You kill the scorpion!
Your Axes skill increases to level 5!
You have reached level 7!
You reach down and open the door.
There is an open door here.
You reach down and open the door.
A ball python comes into view.
The ball python hisses angrily.
A ball python is nearby!
The ball python bites you but does no damage.
The ball python barely misses you.
There is an open door here.
You hit the ball python.
You kill the ball python!
No target in view!
You see here a ball python corpse.
There is a stone staircase leading down here.
You fly downwards.
The iguana bites you but does no damage.
There is a stone staircase leading up here.
You hit the iguana but do no damage. The iguana closely misses you.
The iguana bites you!
You slash the iguana!
The iguana is moderately wounded.
The iguana closely misses you.
You slash the iguana!
You kill the iguana!
Your Fighting skill increases to level 5!
No target in view!
No target in view!
A sleepcap comes into view.
An ufetubus comes into view.
Found 12 gold pieces.
The ufetubus shouts!
An ufetubus comes into view.
You see here a +0 falchion.
The sleepcap releases spores at you but does no damage.
You slash the sleepcap!
The sleepcap is moderately damaged.
The sleepcap releases spores at you but does no damage.
The ufetubus shouts!
You slash the sleepcap!
The sleepcap is severely damaged.
You hear a bark!
The sleepcap releases spores at you. The sleepcap barely misses you.
You hear an angry hiss.
You hit the sleepcap.
The sleepcap is almost destroyed.
You barely miss the ufetubus. The ufetubus slips past you!
The ufetubus barely misses you. x2
The ufetubus hits you but does no damage.
The ufetubus barely misses you.
The sleepcap releases spores at you but does no damage.
You hit the sleepcap.
The sleepcap is almost destroyed.
You hit the ufetubus but do no damage. You closely miss the ufetubus.
The ufetubus hits you but does no damage.
The ufetubus barely misses you. x2
The ufetubus hits you but does no damage.
The sleepcap barely misses you. The ufetubus barely misses you.
The ufetubus closely misses you.
A hound comes into view.
The ufetubus closely misses you.
The ufetubus hits you but does no damage.
The hound barks!
You hit the sleepcap.
You destroy the sleepcap!
You hit the ufetubus. x2
The ufetubus hits you but does no damage.
The ufetubus barely misses you.
The ufetubus hits you but does no damage. x2
The ufetubus completely misses you. The ufetubus closely misses you.
You hit the ufetubus.
You kill the ufetubus!
You hit the ufetubus.
The ufetubus hits you but does no damage.
The ufetubus closely misses you. The ufetubus barely misses you.
The ufetubus hits you but does no damage.
An adder comes into view.
You closely miss the ufetubus.
The ufetubus is severely wounded.
The ufetubus slips past you! The ufetubus hits you.
The ufetubus hits you but does no damage. x2
The ufetubus misses you.
You slash the ufetubus!
You kill the ufetubus!
You hit the hound but do no damage. The hound bites you but does no damage.
The hound barely misses you.
You slash the hound!
The hound is almost dead.
You barely miss the adder. The hound misses you. The adder closely misses you.
The hound misses you.
You closely miss the hound.
The hound is almost dead.
You barely miss the adder. The adder closely misses you.
The hound barely misses you. The hound misses you.
You slash the hound!
You kill the hound!
You hit the phantom. The phantom hits you.
You slash the phantom!
The phantom is severely damaged.
The adder barely misses you.
The phantom hits you but does no damage.
You slash the phantom!
The phantom is almost destroyed.
You closely miss the adder. The adder closely misses you.
The phantom hits you but does no damage.
The adder bites you but does no damage.
You slash the phantom!
You destroy the phantom!
You barely miss the adder. The adder bites you but does no damage.
You hit the adder but do no damage. The adder misses you. The adder bites you.
You hit the adder.
The adder is heavily wounded.
The adder bites you. The adder barely misses you.
You slash the adder!
You kill the adder!
No target in view!
No target in view!
You now have 175 gold pieces (gained 12).
Found a stone staircase leading up.
There is a stone staircase leading up here.
You fly upwards.
Level annotation: Pandrake's ghost, amateur DgCj
Found a ring mail.
Found an escape hatch in the floor.
There is a stone staircase leading down here.
Found a robe.
Found a shimmering altar of Xom.
You see here a +0 robe.
HP restored.
HP restored.
Found a scroll labelled UCEUFE MATA.
j - 4 scrolls labelled UCEUFE MATA (gained 1)
There is an open door here.
There is a stone staircase leading down here.
You fly downwards.
There is a stone staircase leading up here.
Found a stone staircase leading down.
j - 5 scrolls labelled UCEUFE MATA (gained 1)
A - a ring of protection from fire An adder comes into view.
The adder moves out of view.
Okay, then.
Unknown command.
Unknown command.
You're wearing all the rings you can.
Remove which one? (? for menu, Esc to cancel) < or
e - a ring of protection from cold; > or
n - a ring of flight You remove your ring of flight.
You float gracefully downwards.
A - a ring of protection from fire (right hand)
Found a ring mail.
Found 15 gold pieces.
You slash the adder!
The adder is almost dead.
The adder closely misses you. The adder bites you but does no damage.
You slash the adder!
You kill the adder!
No target in view!
Found a scroll labelled LOGGIFF FIFRI.
Found an escape hatch in the ceiling.
Found 16 gold pieces.
Found 13 gold pieces.
You see here 15 gold pieces.
You now have 190 gold pieces (gained 15).
There is an escape hatch in the ceiling here.
You see here 16 gold pieces.
You now have 206 gold pieces (gained 16).
Found 6 boomerangs and a dagger.
The bombardier beetle barely misses you.
You hit the bombardier beetle.
The bombardier beetle is moderately wounded.
You hit the bombardier beetle.
The bombardier beetle is heavily wounded.
The bombardier beetle misses you.
You slash the bombardier beetle!
The bombardier beetle is almost dead.
The bombardier beetle sprays incendiary fluid at you.
The burning spray hits you.
You are covered in liquid fire!
You hit the bombardier beetle.
You kill the bombardier beetle!
The liquid fire burns you!
No target in view!
You shake off some of the fire as you move.
The liquid fire burns you!
You shake off the liquid fire.
Found a stone staircase leading down.
B - a scroll labelled LOGGIFF FIFRI You now have 219 gold pieces (gained 13).
Found a stone staircase leading down.
Found a halberd.
p - 10 boomerangs (gained 6)
There is a stone staircase leading down here.
You climb downwards.
Found a plate armour and 11 gold pieces.
There is a stone staircase leading up here.
Found 2 white potions.
You now have 230 gold pieces (gained 11).
Found 13 gold pieces.
Found a stone staircase leading down.
q - 3 white potions (gained 2)
Found 14 gold pieces.
Found a plate armour.
Found 8 gold pieces.
You now have 243 gold pieces (gained 13).
You now have 257 gold pieces (gained 14).
You now have 265 gold pieces (gained 8).
A jelly comes into view.
A jelly is nearby!
The jelly quivers.
You see here a +0 plate armour.
C - a +0 plate armour Throw: 10 stones
Press: ? - help, Q - select action, (/) - cycle Shift-Dir - straight line, f - jelly
Aim: a jelly (89% to hit)
You throw a stone. The stone hits the jelly.
The jelly is lightly wounded.
Throw: 9 stones
Press: ? - help, Q - select action, (/) - cycle Shift-Dir - straight line, f/p - jelly
Aim: a jelly (lightly wounded, 89% to hit)
You throw a stone.
The stone hits the jelly but does no damage.
The jelly is lightly wounded.
Throw: 8 stones
Press: ? - help, Q - select action, (/) - cycle Shift-Dir - straight line, f/p - jelly
Aim: a jelly (lightly wounded, haloed, 97% to hit)
You throw a stone.
The stone hits the jelly but does no damage.
The jelly is lightly wounded.
Throw: 7 stones
Press: ? - help, Q - select action, (/) - cycle Shift-Dir - straight line, f/p - jelly
Aim: a jelly (lightly wounded, haloed, 97% to hit)
You throw a stone. The stone hits the jelly.
The jelly is lightly wounded.
You slash the jelly! The acid corrodes you!
Your hands burn!
The jelly is almost dead.
The jelly barely misses you.
You hit the jelly.
You kill the jelly!
Your Armour skill increases to level 4!
No target in view!
HP restored.
Found a pair of boots.
Grinder comes into view.
Grinder shouts!
Grinder moves out of view.
Found 11 gold pieces.
You are no longer corroded.
Found a whip.
Found a burning altar of Makhleb.
Grinder hits you but does no damage.
You hit Grinder.
Grinder is lightly wounded.
Grinder hits you.
You writhe in agony.
Grinder gestures at you. Pain shoots through your body!
You hit Grinder but do no damage.
Grinder is lightly wounded.
Grinder hits you but does no damage.
You hit Grinder but do no damage.
Grinder is lightly wounded.
Grinder gestures at you.
You struggle to resist.
You hit Grinder.
Grinder is lightly wounded.
Grinder says, "Wait up."
Grinder hits you but does no damage.
You slash Grinder!
Grinder is moderately wounded.
Grinder barely misses you.
You hit Grinder but do no damage.
Grinder is moderately wounded.
Grinder barely misses you.
Grinder blinks!
Grinder gestures at you.
You struggle to resist.
You slash Grinder!
Grinder is heavily wounded.
Grinder blinks!
You hit Grinder.
Grinder is severely wounded.
Grinder hits you but does no damage.
You slash Grinder!
Grinder is almost dead.
Grinder hits you.
You hit Grinder.
You kill Grinder!
Your Axes skill increases to level 6!
You have reached level 8!
You feel clever.
Found 6 javelins.
You now have 276 gold pieces (gained 11).
Found 18 gold pieces.
Found a scale mail.
Found a hide-covered altar of Uskayaw.
Found a broken altar of Ashenzari.
You see here 6 javelins.
D - 6 javelins
Found a radiant altar of Vehumet.
Found a glowing golden altar of the Shining One.
Found a snail-covered altar of Cheibriados.
You now have 294 gold pieces (gained 18).
There is a fountain of clear blue water here.
There is a glowing golden altar of the Shining One here.
You kneel at the altar of the Shining One.
The Shining One welcomes you!
You and your allies can now gain power from killing the unholy and evil.
You can now call upon the Shining One for a divine shield.
Unknown command.
Press < or > to pray at altars.
HP restored.
HP restored.
You see here a +0 scale mail.
Found a plate armour.
Found a stone staircase leading down.
A white imp comes into view.
Jeremiah, Barachi Dreamer comes into view.
They are wielding a +2 trident of draining and wearing an orb of guile.
Jeremiah shouts!
Found a book of Dreams.
The white imp gestures at you. The puff of frost hits you. You resist.
The white imp gestures at you.
The puff of frost hits you but does no damage.
The white imp summons a swarm of flies.
The white imp gestures at you. The puff of frost misses you.
The white imp gestures at you.
The puff of frost hits you but does no damage.
The white imp barely misses you.
You hit the white imp.
The white imp is heavily wounded.
The white imp gestures at you.
The puff of frost hits you but does no damage.
You slash the white imp!
You kill the white imp!
The Shining One accepts your kill.
Jeremiah asks you, "Where did this trident come from?
Is it yours?"
Jeremiah hits you from afar with a +2 trident of draining.
You slash the butterfly!
You kill the butterfly!
The butterfly disappears in a burst of colours!
Jeremiah asks, "Am I dreaming?
Is this real?"
Jeremiah hits you but does no damage.
You slash the butterfly!
You kill the butterfly!
The butterfly disappears in a burst of colours!
Jeremiah hits you from afar with a +2 trident of draining.
You slash the butterfly!
You kill the butterfly!
The butterfly disappears in a burst of colours!
Jeremiah hits you but does no damage.
Jeremiah hits you from afar with a +2 trident of draining!
You miss the butterfly.
Jeremiah trails rainbows from their fingertips.
Jeremiah throws their arms up pleadingly.
Something smites you!
You hit the butterfly.
You kill the butterfly!
The butterfly disappears in a burst of colours!
Jeremiah cries, "Fearful master, protect me!"
Something smites you!
* * * LOW HITPOINT WARNING * * *
You hit the butterfly.
You kill the butterfly!
The butterfly disappears in a burst of colours!
Jeremiah throws their arms up pleadingly.
Something smites you!
* * * LOW HITPOINT WARNING * * *
You are confused.
You feel invigorated.
The butterfly disappears in a burst of colours!
Jeremiah hits you from afar with a +2 trident of draining.
* * * LOW HITPOINT WARNING * * *
You bump into the rock wall.
Jeremiah hits you but does no damage.
You bump into the rock wall.
Jeremiah lets out a twisted cry.
Something smites you!
You die...
Jeremiah says, "O terrible one, your will is done."

###..........#. ####
............... ...#
#..........# ...# #..........#
...# #..........#
...############# #..........#
...............# #...b..>....#
...###########.####..bbb.......
...# #..@bFbb.b......## ...#
#####bb.b...##### ...#
#######... ...# #### ####


You could see Jeremiah.

Vanquished Creatures
  Grinder (D:6)
  An ice beast (D:4)
  A black bear (D:4)
  A phantom (D:5)
  A scorpion (D:4)
  A bombardier beetle (D:5)
  A jelly (D:6)
  2 hounds
  An orc priest (D:4)
  An iguana (D:5)
  A sleepcap (D:5)
  3 gnolls (D:4)
  8 adders
  A white imp (D:6)
  2 ufetubi (D:5)
  4 dart slugs
  5 orcs
  6 ball pythons
  5 bats
  6 endoplasms
  A giant cockroach (D:1)
  8 goblins
  5 hobgoblins
  4 kobolds
  3 quokkas
  3 frilled lizards
  5 rats
81 creatures vanquished.

Notes
Turn   | Place    | Note
-------+----------+-------------------------------------------
     0 | D:1      | jagoly the Gargoyle Monk began the quest for the Orb.
     0 | D:1      | Reached XP level 1. HP: 14/14 MP: 1/1
    86 | D:1      | Reached XP level 2. HP: 19/19 MP: 2/2
   127 | D:1      | Reached skill level 3 in Axes
   278 | D:2      | Reached skill level 1 in Armour
   295 | D:1      | Reached XP level 3. HP: 23/23 MP: 3/3
   307 | D:1      | Found a faded altar of an unknown god.
   314 | D:1      | Got Plato's Handbook of the Damned
   657 | D:3      | Reached XP level 4. HP: 29/29 MP: 4/4
   951 | D:4      | Reached XP level 5. HP: 33/33 MP: 5/5
   978 | D:4      | Noticed Pandrake's ghost (amateur DgCj)
   978 | D:4      | Noticed an ice beast
  1035 | D:4      | Reached skill level 4 in Axes
  1068 | D:5      | Entered Level 5 of the Dungeon
  1069 | D:5      | Noticed an ice beast
  1075 | D:5      | Noticed a phantom
  1096 | D:4      | Killed an ice beast
  1097 | D:4      | Reached XP level 6. HP: 16/39 MP: 6/6
  1225 | D:4      | Noticed an ice beast
  1261 | D:5      | Noticed a black bear
  1282 | D:4      | Killed a black bear
  1344 | D:4      | Reached skill level 5 in Axes
  1344 | D:4      | Reached XP level 7. HP: 18/44 MP: 7/7
  1422 | D:5      | Reached skill level 5 in Fighting
  1466 | D:4      | Found a shimmering altar of Xom.
  1660 | D:6      | Noticed Grinder
  1662 | D:6      | Found a burning altar of Makhleb.
  1680 | D:6      | Killed Grinder
  1681 | D:6      | Reached skill level 6 in Axes
  1681 | D:6      | Reached XP level 8. HP: 40/51 MP: 8/8
  1688 | D:6      | Found a hide-covered altar of Uskayaw.
  1690 | D:6      | Found a broken altar of Ashenzari.
  1693 | D:6      | Found a radiant altar of Vehumet.
  1695 | D:6      | Found a glowing golden altar of the Shining One.
  1696 | D:6      | Found a snail-covered altar of Cheibriados.
  1704 | D:6      | Became a worshipper of the Shining One
  1704 | D:6      | Reached * piety under the Shining One
  1704 | D:6      | Reached ** piety under the Shining One
  1748 | D:6      | Noticed Jeremiah
  1777 | D:6      | Killed from afar by Jeremiah

Illustrated notes

Levels and vault maps discovered:
D:1:      minmay_arrival_solitary_statue, layout_rooms,
          shapermc_ecumenical_altar_rom_forum, columned_hall_lemuel
D:2:      layout_basic, minmay_misc_feat_five, minmay_misc_feat_ornament
D:3:      layout_basic
D:4:      layout_basic, mainiacjoe_overflow_tiny_flanked, gammafunk_ghost_icy,
          sigmund_edmund_badplayer, uniq_sigmund
D:5:      layout_rooms, serial_curves, eino_curves_03, eino_curves_03
D:6:      layout_rooms, grunt_temple_overflow_open, bloody_makhleb,
          uniq_grinder, uniq_jeremiah, uniq_edmund

Skill      XL: |  1  2  3  4  5  6  7 |
---------------+----------------------+-----
Axes           | 3 4 5 6 |  6.2
Armour         | 1 2 3 4 |  4.4
Fighting       | 4 5 |  5.7
Dodging        | 3 |  3.0

Action                     |  1- 3 |  4- 6 |  7- 9 || total
---------------------------+-------+-------+-------++-------
  Melee: Hand axe          |    85 |   124 |       ||   209
         War axe           |       |    25 |    47 ||    72
  Throw: Stone             |       |     5 |     4 ||     9
         Dart              |       |     5 |       ||     5
    Use: Potion            |       |       |     1 ||     1
 Armour: Robe              |    41 |     3 |       ||    44
         Ring mail         |       |   138 |    45 ||   183
  Dodge: Dodged            |    69 |    99 |    38 ||   206
